 Dungeon Crawl Stone Soup version 0.30.1-11-g7821555f0a (webtiles) character file.

Game seed: 10093936302741011392

2083 hawla the Stinger (level 9, -6/36 HPs)
             Began as a Felid Venom Mage on Jan 12, 2024.
             Was an Elder of Vehumet.
             Mangled by nocore's ghost (10 damage)
             ... on level 8 of the Dungeon on Jan 13, 2024.
             The game lasted 01:05:52 (13431 turns).

hawla the Stinger (Felid Venom Mage)               Turns: 13431, Time: 01:05:53

Health: -6/36      AC:  2    Str:  4    XL:     9   Next: 6%
Magic:  15/20      EV: 20    Int: 21    God:    Vehumet [****..]
Gold:   503        SH:  5    Dex: 17    Spells: 4/22 levels left
                                        Lives:  0   Deaths: 3

rFire   + .          .
                       - Unarmed
rCold   + . .        (shield unavailable)
rNeg    . . .        (body armour unavailable)
rPois   .            (helmet unavailable)
rElec   .            (cloak unavailable)
rCorr   .            (gloves unavailable)
SInv    +            (boots unavailable)
Will    +....        e - amulet of reflection
Stlth   +++          n - ring of protection from cold
HPRegen 0.26/turn    w - ring of protection from fire
MPRegen 0.17/turn

%: reflection
@: quick
A: very small, claws 1, fangs 3, see invisible, speed 1, shaggy fur 2, stealthy
paws, no weapons or thrown items, no armour, multi-lived, mutation resistance 1
a: Renounce Religion


You were on level 8 of the Dungeon.
You worshipped Vehumet.
Vehumet was greatly pleased with you.
You visited 2 branches of the dungeon, and saw 9 of its levels.
You also visited: Ossuary.

You collected 503 gold pieces.

Inventory:

Jewellery
 e - an amulet of reflection (around neck)
 g - an amulet of the acrobat
 m - a +6 ring of strength
 n - a ring of protection from cold (left paw)
 p - a ring of ice
 s - a ring of poison resistance
 u - a +4 ring of protection
 w - a ring of protection from fire (right paw)
Wands
 l - a wand of charming (5)
Scrolls
 b - 2 scrolls of amnesia
 d - 2 scrolls of magic mapping
 r - a scroll of butterflies {unknown}
 t - 2 scrolls of teleportation
Potions
 a - 3 potions of brilliance
 c - a potion of curing
 f - a potion of lignification
 h - 3 potions of flight
 i - a potion of resistance
 j - 3 potions of haste
 k - 2 potions of cancellation
 o - a potion of might
 v - 2 potions of berserk rage
 z - a potion of attraction


   Skills:
 + Level 2.1 Fighting
 + Level 5.7 Dodging
 + Level 4.6 Stealth
 + Level 5.4 Unarmed Combat
 + Level 7.2 Spellcasting
 + Level 4.2 Conjurations
 + Level 5.3 Translocations
 + Level 3.6 Transmutations
 + Level 3.5 Fire Magic
 + Level 4.8 Air Magic
 + Level 7.9 Poison Magic
 + Level 3.6 Evocations


You had 4 spell levels left.
You knew the following spells:

 Your Spells              Type           Power      Damage    Failure   Level
a - Sting                 Tmut/Pois      100%       1d8       1%          1
b - Poisonous Vapours     Pois/Air       68%        N/A       1%          2
c - Mephitic Cloud        Conj/Pois/Air  31%        N/A       1%          3
d - Olgreb's Toxic Radia  Pois           41%        N/A       1%          4
e - Iskenderun's Mystic   Conj/Tloc      27%        2d7       3%          4
f - Flame Wave            Conj/Fire      23%        2d8       4%          4

Your spell library contained the following spells:

 Spells                   Type           Power      Damage    Failure   Level
 Fulminant Prism          Conj/Hex       8%         3d7       10%         4
 Magic Dart               Conj           100%       1d8       1%          1
 Call Imp                 Summ           14%        N/A       13%         2
 Arcjolt                  Conj/Air       13%        1d23      11%         5
 Conjure Ball Lightning   Conj/Air       13%        3x3d6     45%         6


Dungeon Overview and Level Annotations

Branches:
Dungeon (8/15)             Temple (1/1) D:4         Ossuary (visited)
   Lair: D:8-11

Altars:
Ashenzari
Cheibriados
Dithmenos
Elyvilon
Fedhas
Gozag
Hepliaklqana
Kikubaaqudgha
Makhleb
Nemelex Xobeh
Okawaru
Qazlal
Ru
Sif Muna
Trog
Uskayaw
Vehumet
Wu Jian
Xom
Yredelemnul
Zin
The Shining One

Shops:
D:8 (

Annotations:
D:3 Sigmund
D:8 exclusions: ice statue and obsidian statue, nocore's ghost, novice DgWr


Innate Abilities, Weirdness & Mutations

You have sharp claws.
You have razor-sharp teeth.
You have supernaturally acute eyesight. (SInv)
You cover ground quickly. (Speed+)
You are covered in thick fur. (AC +2)
Your paws help you pounce on unaware monsters.
You are incapable of wielding weapons or throwing items.
You cannot wear armour.
You gain extra lives every three experience levels.
You are somewhat resistant to further mutation.


Message History

Things that are here:
a +0 short sword; an orc corpse Nocore's ghost is nearby!
Nocore's ghost is nearby!
Nocore's ghost is nearby!
Things that are here:
a +0 mace; a +2 chain mail; an orc corpse Nocore's ghost wails.
Aiming: Charm
Press: ? - help, Shift-Dir - straight line, f - warg
Aim: a warg (moderately wounded, wandering, hasn't noticed you, chance to affect: 40%)
The warg resists with some effort.
Things that are here:
a +0 mace; a +2 chain mail; an orc corpse Nocore's ghost shrieks, "You will never get the ORB!"
The warg bites you!
Casting: Iskenderun's Mystic Blast (quite dangerous; 3% risk of failure)
Confirm with . or Enter, or press ? or * to list all spells.
The spell is quite dangerous to miscast (3% risk of failure)!
Continue anyway?
Okay, then.
Casting: Iskenderun's Mystic Blast (quite dangerous; 3% risk of failure)
Confirm with . or Enter, or press ? or * to list all spells.
The spell is quite dangerous to miscast (4% risk of failure)!
Continue anyway?
Casting: Flame Wave (quite dangerous; 4% risk of failure)
Press: ? - help, Dir - look around, f - activate A wave of flame ripples out!
The flame wave engulfs the warg.
The warg is heavily wounded.
The flame wave engulfs nocore's ghost.
Nocore's ghost is lightly damaged. (Press . to intensify the flame waves.)
The warg bites you! Nocore's ghost misses you.
A wave of flame ripples out!
The flame wave engulfs the warg.
The warg is severely wounded.
The flame wave engulfs nocore's ghost!
Nocore's ghost is moderately damaged.
The warg stops to sniff the ground.
The warg bites you!
* * * LOW HITPOINT WARNING * * *
Nocore's ghost hits you!
You die...

*8,..)[_.....8# #.#.# ###
#.............####[#.###..
#.#8#..8..#8#.#..........#
#.###.....###.##.#########
#....#####....##.#
#....))..)....##.#
#######'))#######†#
#8.......)W....8#)#
#........h@.....#)#
########..........#
############


You could see a warg and nocore's ghost.

Vanquished Creatures
  Gastronok (D:8)
  Erica (D:8)
  A hornet (D:8)
  6 yaks (D:8)
  2 steam dragons (D:8)
  4 orc warriors (D:8)
  2 hornet zombies (Ossuary)
  4 sky beasts
  2 ogres
  A black bear (D:7)
  2 phantoms
  3 bullfrogs
  5 kobold brigands
  A wyvern zombie (Ossuary)
  2 gnoll sergeants
  9 scorpions
  A water moccasin zombie (Ossuary)
  6 wights (D:8)
  3 killer bees (D:6)
  A howler monkey (D:8)
  4 centaur zombies (Ossuary)
  7 bullfrog zombies (Ossuary)
  7 orc priests (D:8)
  4 hounds
  A sleepcap (D:6)
  3 iguanas (D:5)
  Natasha (thrice) (D:2)
  9 orc wizards
  2 howler monkey zombies (Ossuary)
  19 mummies
  17 gnolls
  6 adders
  A shadow imp (D:6)
  5 white imps
  A worm (D:4)
  4 dart slugs
  38 orcs
  5 bats
  7 endoplasms
  4 giant cockroaches
  5 goblins (D:1)
  10 hobgoblins
  9 jackals
  6 quokkas
  8 ball pythons
  8 frilled lizards
  19 kobolds
  A kobold zombie (D:8)
  An orc zombie (D:8)
  6 rats
277 creatures vanquished.

Vanquished Creatures (others)
  An adder (D:4)
1 creature vanquished.

Grand Total: 278 creatures vanquished

Notes
Turn   | Place    | Note
-------+----------+-------------------------------------------
     0 | D:1      | hawla the Felid Venom Mage began the quest for the Orb.
     0 | D:1      | Reached XP level 1. HP: 7/7 MP: 4/4
   239 | D:1      | Reached XP level 2. HP: 11/11 MP: 6/6
   242 | D:1      | Learned a level 2 spell: Poisonous Vapours
   465 | D:1      | Reached skill level 1 in Air Magic
   811 | D:1      | Reached XP level 3. HP: 15/15 MP: 7/7
   815 | D:1      | Learned a level 3 spell: Mephitic Cloud
  1203 | D:2      | Noticed Natasha
  1214 | D:2      | Killed Natasha
  1215 | D:2      | Reached skill level 1 in Conjurations
  1265 | D:2      | Noticed Natasha
  1275 | D:2      | Killed Natasha
  1276 | D:2      | Reached XP level 4. HP: 10/18 MP: 0/8
  1573 | D:2      | Noticed Natasha
  1583 | D:2      | Killed Natasha
  2430 | D:3      | Reached XP level 5. HP: 21/21 MP: 9/9
  2643 | D:3      | Noticed Sigmund
  2847 | D:3      | Found a broken altar of Ashenzari.
  3189 | D:3      | Killed from afar by Sigmund
  3190 | D:3      | Reached XP level 4. HP: -8/18 MP: 1/8
  3820 | D:3      | Reached XP level 5. HP: 10/21 MP: 0/10
  4058 | D:4      | Reached skill level 1 in Evocations
  4094 | D:4      | Found a staircase to the Ecumenical Temple.
  4102 | Temple   | Entered the Ecumenical Temple
  4411 | D:4      | Found a hazy altar of Hepliaklqana.
  4411 | D:4      | Found a sparkling altar of Nemelex Xobeh.
  4497 | D:4      | Reached skill level 1 in Unarmed Combat
  4497 | D:4      | Gained mutation: You are covered in thick fur. (AC +2)
                  | [Felid growth]
  4497 | D:4      | Reached XP level 6. HP: 14/25 MP: 1/11
  5703 | D:5      | Entered Level 5 of the Dungeon
  5878 | D:5      | Reached XP level 7. HP: 28/28 MP: 1/13
  6045 | D:5      | Reached skill level 1 in Fighting
  6275 | D:5      | Got Yciysk's Grimoire of Conjuration
  6485 | D:4      | Learned a level 4 spell: Olgreb's Toxic Radiance
  6676 | D:5      | Reached skill level 5 in Poison Magic
  6878 | D:6      | Found a radiant altar of Vehumet.
  6982 | D:6      | Became a worshipper of Vehumet
  7019 | D:6      | Reached XP level 8. HP: 23/32 MP: 4/14
  7132 | D:6      | Learned a level 4 spell: Iskenderun's Mystic Blast
  7256 | D:6      | Reached skill level 1 in Translocations
  7801 | D:6      | Found a burning altar of Makhleb.
  8846 | D:7      | Reached XP level 9. HP: 26/36 MP: 0/17
  9009 | D:7      | Reached * piety under Vehumet
  9009 | D:7      | Offered knowledge of Freeze by Vehumet.
  9270 | D:7      | Found an ancient bone altar of Kikubaaqudgha.
  9639 | D:7      | Reached skill level 5 in Spellcasting
  9817 | D:8      | Offered knowledge of Momentum Strike by Vehumet.
  9823 | D:8      | Learned a level 4 spell: Flame Wave
  9824 | D:8      | Found a sand-covered staircase.
  9862 | Ossuary  | Entered an ossuary
  9932 | Ossuary  | Reached ** piety under Vehumet
  9937 | Ossuary  | Reached skill level 1 in Fire Magic
 10709 | Ossuary  | Offered knowledge of Inner Flame by Vehumet.
 10861 | D:8      | Reached XP level 10. HP: 30/40 MP: 4/19
 10888 | D:8      | Reached *** piety under Vehumet
 10919 | D:8      | Noticed Erica
 10950 | D:8      | Found Ilegrug's Antique Weapon Shop.
 11069 | D:8      | Killed Erica
 11070 | D:8      | Reached skill level 5 in Dodging
 11070 | D:8      | Reached skill level 5 in Translocations
 11347 | D:8      | Noticed an obsidian statue
 11461 | D:8      | Offered knowledge of Dazzling Flash by Vehumet.
 12000 | D:8      | Noticed Gastronok
 12069 | D:8      | Found a runed translucent gate.
 12070 | D:8      | Found a runed translucent gate.
 12070 | D:8      | Noticed nocore's ghost (novice DgWr)
 12071 | D:8      | Found a runed translucent gate.
 12083 | D:8      | Gained mutation: You are somewhat resistant to further
                  | mutation. [potion of mutation]
 12116 | D:8      | Killed Gastronok
 12117 | D:8      | Reached skill level 5 in Unarmed Combat
 12690 | D:8      | Noticed an ice statue
 13038 | D:8      | Engulfed by an ice statue's freezing vapour
 13039 | D:8      | Reached XP level 9. HP: 0/36 MP: 7/20
 13216 | D:8      | Reached **** piety under Vehumet
 13217 | D:8      | Reached XP level 10. HP: 40/40 MP: 15/21
 13238 | D:8      | Offered knowledge of Fulminant Prism by Vehumet.
 13245 | D:8      | Mangled by a warg
 13246 | D:8      | Reached XP level 9. HP: -10/36 MP: 2/20
 13431 | D:8      | Mangled by nocore's ghost

Illustrated notes

Levels and vault maps discovered:
D:1:      lightli_iron_boxes, layout_rooms, minivault_27,
          minmay_tree_intersection, minmay_shallow_snake_nest
D:2:      layout_loops_corners, serial_aquarium, aquarium_bridge_straight
          [aquarium_subvault_bridge, aquarium_subvault_wall,
          aquarium_subvault_bridge, aquarium_subvault_balcony],
          aquarium_bridge_straight [aquarium_subvault_bridge,
          aquarium_subvault_wall, aquarium_subvault_bridge,
          aquarium_subvault_window], aquarium_window_3, aquarium_window_1,
          aquarium_window_fake, aquarium_view_2c, aquarium_balcony_5b,
          uniq_natasha
D:3:      layout_basic, mainiacjoe_overflow_surrounded_room,
          chequers_hall_statues_wall_a, uniq_sigmund
D:4:      minmay_recursive_quarters, layout_loops_ring,
          gammafunk_temple_overflow_pools, temple_fountains
D:5:      layout_cave_pools, minmay_fractal_squares_diagonal_5
D:6:      layout_cave_pods, vehumet_altar_wand_db, kennysheep_little_box
D:7:      layout_loops_ring, mainiacjoe_overflow_cross_hatched
D:8:      minmay_separated_statues, layout_loops_ring, serial_shops, shop,
          biasface_ghost_orc_armoury, nicolae_ossuary_entry_giza, st_stairs_2,
          minmay_increasing_density, uniq_gastronok, uniq_erica
Temple:   nicolae_temple_bog_church

Skill      XL: |  1  2  3  4  5  6  7  8  9 10 |
---------------+-------------------------------+-----
Dodging        | 3 4 5 |  5.7
Air Magic      | 1 2 3 4 |  4.8
Stealth        | 3 4 |  4.6
Conjurations   | 1 3 4 |  4.2
Poison Magic   | 3 5 6 7 |  7.9
Transmutations | 2 3 |  3.6
Evocations     | 3 |  3.6
Unarmed Combat | 1 2 3 5 |  5.4
Spellcasting   | 3 4 5 7 |  7.2
Fighting       | 1 2 |  2.1
Translocations | 3 4 5 |  5.3
Fire Magic     | 3 |  3.5

Action                     |  1- 3 |  4- 6 |  7- 9 | 10-12 || total
---------------------------+-------+-------+-------+-------++-------
  Melee: Unarmed           |    34 |   154 |   242 |   101 ||   531
         Bite              |     3 |    13 |    28 |    15 ||    59
         Punch             |       |     1 |    10 |     6 ||    17
   Cast: Sting             |    35 |    68 |    73 |     4 ||   180
         Poisonous Vapours |    15 |    40 |    65 |    26 ||   146
         Mephitic Cloud    |     1 |    14 |     7 |       ||    22
         Olgreb's Toxic Ra |       |       |    10 |    23 ||    33
         Iskenderun's Myst |       |       |    17 |    18 ||    35
         Flame Wave        |       |       |     7 |    10 ||    17
  Evoke: Wand              |       |     1 |    59 |       ||    60
    Use: Potion            |     2 |     4 |     6 |     4 ||    16
         Scroll            |     1 |     8 |    14 |     6 ||    29
   Stab: Sleeping          |     5 |     7 |     1 |       ||    13
         Confused          |     1 |     2 |       |       ||     3
         Distracted        |       |     1 |       |       ||     1
         Invisible         |       |       |     1 |       ||     1
 Armour: Skin              |     4 |     5 |    28 |     3 ||    40
  Dodge: Dodged            |    72 |   153 |   304 |   101 ||   630
  Block: Other             |       |       |    75 |    25 ||   100
         Reflection        |       |       |     6 |     1 ||     7
